[Event "Titled Tuesday Blitz July 25 Early 2023"]
[White "dodoucb"]
[Black "Lakshmi C"]
[BlackFideId "25035347"]
[WhiteElo "2395"]
[BlackElo "2080"]
[Result "1-0"]
[Round "3"]
[TimeControl "180+2"]
[Date "2023.07.25"]
[WhiteClock "0:01:34"]
[BlackClock "0:00:02"]
[Board "240"]

1. d4 Nf6 2. Nf3 e6 3. c4 b6 4. g3 Bb7 5. Bg2 Be7 6. O-O O-O 7. Nc3 Ne4 8. Bf4 f5 9. Rc1 d6 10. a3 Nd7 11. b4 Bf6 12. h4 e5 13. dxe5 dxe5 14. Be3 Nxc3 15. Rxc3 e4 16. Nd4 Qe8 17. c5 Bc8 18. Nb5 Be5 19. Qd5+ Kh8 20. Qxa8 Bxc3 21. Nxc3 Qe5 22. c6 Nf6 23. Qxa7 Qxc3 24. Qxc7 Ba6 25. Rc1 1-0


[Site "https://www.chess.com"]

[Event "Titled Tuesday Blitz July 25 Early 2023"]
[White "Mika, Tomasz"]
[Black "Semenova, Alina"]
[WhiteFideId "1132970"]
[BlackFideId "24113875"]
[WhiteElo "2388"]
[BlackElo "2076"]
[Result "0-1"]
[Round "3"]
[TimeControl "180+2"]
[Date "2023.07.25"]
[WhiteClock "0:00:28"]
[BlackClock "0:00:06"]
[Board "241"]

1. e4 e6 2. d4 d5 3. Bd3 Nf6 4. e5 Nfd7 5. c3 c5 6. Nf3 Nc6 7. O-O Qb6 8. Ng5 h6 9. Qh5 Nd8 10. Nxf7 Nxf7 11. Bg6 cxd4 12. Bxf7+ Kd8 13. cxd4 Qxd4 14. Bg5+ hxg5 15. Qxh8 Ke7 16. Bg6 Qxb2 17. Qh5 Qxa1 18. Qxg5+ Nf6 19. exf6+ Qxf6 20. Qg3 Bd7 21. Nd2 Kd8 22. Nf3 Rc8 23. Ne5 Bc5 24. Bd3 Bd6 25. f4 Rc3 26. h3 Bb5 27. Rd1 Bxd3 28. Rxd3 Rxd3 29. Nxd3 Qd4+ 30. Kh2 g5 31. Ne5 Qxf4 32. Nf7+ Kd7 33. Nxd6 Kxd6 34. Qxf4+ gxf4 35. h4 Ke7 36. Kg1 Kf6 37. Kf2 Kf5 38. Kf3 e5 0-1


[Site "https://www.chess.com"]

[Event "Titled Tuesday Blitz July 25 Early 2023"]
[White "Astafurov, Arseniy"]
[Black "Wisniowski, Natalie"]
[WhiteFideId "24175218"]
[BlackFideId "30929261"]
[WhiteElo "2386"]
[BlackElo "2069"]
[Result "1-0"]
[Round "3"]
[TimeControl "180+2"]
[Date "2023.07.25"]
[WhiteClock "0:00:03"]
[BlackClock "0:00:01"]
[Board "242"]

1. c4 Nf6 2. Nc3 g6 3. Nf3 Bg7 4. g3 O-O 5. Bg2 d6 6. d4 Nbd7 7. O-O e5 8. Qc2 exd4 9. Nxd4 Ne5 10. b3 Re8 11. Rd1 Qe7 12. Bg5 Qf8 13. h3 Rb8 14. Ndb5 c6 15. Nxd6 Rd8 16. Nce4 Ned7 17. Rac1 h6 18. Nxf6+ Nxf6 19. Bxf6 Bxf6 20. Nxc8 Rbxc8 21. Rxd8 Rxd8 22. Rd1 Bg7 23. e3 Qe7 24. Bf3 Rd6 25. Kg2 Qd7 26. Rxd6 Qxd6 27. Qe4 Kh7 28. Qe8 Qc7 29. h4 h5 30. c5 Bc3 31. Be2 Kg7 32. Bc4 Bb4 33. Qe4 Bxc5 34. Qd3 Be7 35. Qe2 Bf6 36. Bd3 Qd6 37. Be4 b6 38. Bf3 c5 39. Qb5 Qe5 40. Qd7 Qe7 41. Qc8 b5 42. Bd5 a5 43. Qa8 Qd6 44. e4 c4 45. bxc4 bxc4 46. Qxa5 c3 47. Qa4 Qc7 48. Bb3 Qb7 49. Qc4 Qa8 50. Qd3 Qb7 51. Qc4 Qe7 52. a4 Qf8 53. a5 Qe7 54. a6 Qa7 55. f3 Bd4 56. f4 Bf6 57. e5 Bd8 58. Qd5 Bb6 59. Qc4 Bd4 60. Kh2 Kg8 61. e6 fxe6 62. Qxe6+ Kg7 63. Qg8+ Kf6 64. Qh8+ Ke7 65. Qh7+ Kd8 66. Qxg6 Kc8 67. Qg8+ Kd7 68. Qf7+ Kd6 69. Qxh5 Kc7 70. Qf7+ Kb8 71. Qe8+ Kc7 72. Qe7+ Kb6 73. Qd6+ Kb5 74. Bc2 Ka5 75. Qd5+ Kb4 76. h5 Ka3 77. h6 Kb2 78. Qb3+ Kc1 79. h7 Kd2 80. Qb1 Ke3 81. Qe1+ Kf3 82. Be4+ 1-0


[Site "https://www.chess.com"]

[Event "Titled Tuesday Blitz July 25 Early 2023"]
[White "Winkels, Marcel"]
[Black "Li, Hui"]
[WhiteFideId "1003887"]
[BlackFideId "15400310"]
[WhiteElo "2049"]
[BlackElo "2386"]
[Result "0-1"]
[Round "3"]
[TimeControl "180+2"]
[Date "2023.07.25"]
[WhiteClock "0:00:35"]
[BlackClock "0:00:04"]
[Board "243"]

1. e4 e5 2. Nf3 Nf6 3. Nxe5 d6 4. Nf3 Nxe4 5. d4 d5 6. Bd3 Be7 7. O-O Nc6 8. c4 Nb4 9. Be2 O-O 10. a3 Nc6 11. Nc3 Nxc3 12. bxc3 Bf5 13. Bf4 Re8 14. Re1 dxc4 15. Bxc4 Bd6 16. Bxd6 Qxd6 17. Qb3 Bg6 18. Bb5 Rxe1+ 19. Rxe1 a6 20. Bxc6 Qxc6 21. Ne5 Qb5 22. Qb4 Qxb4 23. axb4 f6 24. Nxg6 hxg6 25. Re7 a5 26. b5 a4 27. Re2 a3 28. Ra2 Kf7 29. Kf1 Ke6 30. Ke2 Ra5 31. c4 c6 32. bxc6 bxc6 33. Kd3 Kd6 34. Kc3 Ra8 35. Kb3 Rh8 36. h3 Re8 37. Kxa3 Re4 38. Rd2 c5 39. dxc5+ Kxc5 40. Rd7 Kxc4 41. Rxg7 g5 42. Rf7 Rf4 43. f3 Kd3 44. Re7 Rc4 45. Kb3 Rc3+ 46. Kb2 Rc2+ 47. Kb1 Rxg2 48. Re6 f5 49. Rf6 f4 50. h4 gxh4 51. Rxf4 h3 52. Rh4 h2 0-1


[Site "https://www.chess.com"]

[Event "Titled Tuesday Blitz July 25 Early 2023"]
[White "Goughfather"]
[Black "Grekh, Andrey"]
[BlackFideId "14112418"]
[WhiteElo "2042"]
[BlackElo "2377"]
[Result "1-0"]
[Round "3"]
[TimeControl "180+2"]
[Date "2023.07.25"]
[WhiteClock "0:00:14"]
[BlackClock "0:00:23"]
[Board "244"]

1. d4 Nf6 2. Nc3 e6 3. e4 d5 4. exd5 Nxd5 5. Bd2 Be7 6. Nf3 O-O 7. a3 b6 8. Bd3 Bb7 9. Qe2 Nd7 10. Ne4 N7f6 11. c4 c5 12. cxd5 exd5 13. Nxf6+ Bxf6 14. O-O Re8 15. Qd1 cxd4 16. Rc1 Qd6 17. Re1 g6 18. g3 Re6 19. Bf4 Qd7 20. Ne5 Qe8 21. Ng4 Bg7 22. Nh6+ Kh8 23. Qd2 Rc8 24. Rxe6 fxe6 25. Rxc8 Bxc8 26. Qe2 e5 27. Bxe5 Qe6 28. f3 Bd7 29. Bxg7+ Kxg7 30. Qxe6 Bxe6 31. Ng4 h5 32. Ne5 Kf6 33. Nc6 Bd7 34. Nxd4 Ke5 35. Ne2 a6 36. f4+ Kd6 37. Kf2 Kc5 38. Ke3 a5 39. Nd4 Bc8 40. Bxg6 1-0


[Site "https://www.chess.com"]

[Event "Titled Tuesday Blitz July 25 Early 2023"]
[White "Namitbir Singh Walia"]
[Black "Maluco_do_Natal_00"]
[WhiteFideId "35071068"]
[WhiteElo "2366"]
[BlackElo "2042"]
[Result "1-0"]
[Round "3"]
[TimeControl "180+2"]
[Date "2023.07.25"]
[WhiteClock "0:00:07"]
[BlackClock "0:00:02"]
[Board "245"]

1. e4 c5 2. d4 cxd4 3. c3 dxc3 4. Nxc3 Nc6 5. Nf3 e6 6. Bc4 d6 7. O-O a6 8. Qe2 b5 9. Bb3 Ra7 10. Rd1 Rd7 11. Bf4 h6 12. Rac1 Na5 13. Bc2 Bb7 14. Bd3 Ne7 15. a4 b4 16. Na2 Nb3 17. Rc2 Nc5 18. Nxb4 Nxd3 19. Qxd3 Qb6 20. Na2 Ng6 21. Be3 Qa5 22. Nc3 Be7 23. b4 Qh5 24. b5 axb5 25. Nxb5 O-O 26. Rdc1 Ne5 27. Nxe5 Qxe5 28. Rc4 d5 29. exd5 Bxd5 30. Rd4 Bd6 31. Bf4 Qf6 32. Bxd6 Rxd6 33. Nxd6 Qg5 34. Qf1 Rd8 35. Ne4 1-0


[Site "https://www.chess.com"]

[Event "Titled Tuesday Blitz July 25 Early 2023"]
[White "Gyulamiryan-koryun"]
[Black "Duarte, Leonardo"]
[BlackFideId "110582"]
[WhiteElo "2041"]
[BlackElo "2361"]
[Result "1-0"]
[Round "3"]
[TimeControl "180+2"]
[Date "2023.07.25"]
[WhiteClock "0:00:08"]
[BlackClock "0:00:09"]
[Board "246"]

1. d4 Nf6 2. c4 c5 3. Nf3 cxd4 4. Nxd4 e5 5. Nb5 d5 6. cxd5 Bc5 7. N1c3 a6 8. Na3 O-O 9. h3 Re8 10. e4 b5 11. Nc2 Nbd7 12. Bd3 Nf8 13. O-O Ng6 14. Bg5 h6 15. Be3 Bd6 16. Qd2 Nh5 17. Ne2 Bd7 18. b4 Nhf4 19. Nxf4 Nxf4 20. Bxf4 exf4 21. Nd4 Qf6 22. Be2 Be5 23. Rad1 g5 24. Nb3 Bc3 25. Qc2 Bxb4 26. Qc7 Rad8 27. Bd3 f3 28. Qg3 Bd6 29. Qxf3 Qe5 30. g3 Bxh3 31. Rfe1 Kg7 32. Bf1 Bd7 33. Nd4 h5 34. Qxh5 Rh8 35. Qf3 g4 36. Nf5+ Kf8 37. Qxg4 Bc5 38. Bg2 Rg8 39. Qf4 Qf6 40. Qh6+ Qxh6 41. Nxh6 Rg6 42. Nf5 Bxf5 43. exf5 Rxg3 44. d6 Ra3 45. Re2 Rxd6 46. Rxd6 Bxd6 47. f6 Bc5 48. Rc2 1-0


[Site "https://www.chess.com"]

[Event "Titled Tuesday Blitz July 25 Early 2023"]
[White "Bogumil, Tatiana"]
[Black "Fajdetic, Hrvoje"]
[WhiteFideId "4110579"]
[BlackFideId "14501945"]
[WhiteElo "2034"]
[BlackElo "2359"]
[Result "0-1"]
[Round "3"]
[TimeControl "180+2"]
[Date "2023.07.25"]
[WhiteClock "0:00:01"]
[BlackClock "0:00:20"]
[Board "247"]

1. Nf3 d5 2. c4 d4 3. g3 c5 4. b4 b6 5. Bg2 Bb7 6. O-O Nd7 7. d3 g6 8. a3 Bg7 9. Bg5 f6 10. Bd2 e5 11. Qc1 h5 12. h4 Qe7 13. bxc5 Nxc5 14. a4 Nb3 15. Qb2 Nxa1 16. a5 Qd7 17. Qxa1 Ne7 18. Na3 O-O 19. Qb2 bxa5 20. Bxa5 Rfb8 21. Qa2 Nc6 22. Bd2 Bf8 23. Nc2 a5 24. Kh2 Nb4 25. Qb1 Nxc2 26. Qxc2 Bc6 27. Bh3 Qb7 28. Be6+ Kg7 29. Bc1 Qe7 30. Bh3 Qb4 31. Nd2 a4 0-1


[Site "https://www.chess.com"]

[Event "Titled Tuesday Blitz July 25 Early 2023"]
[White "Alahakoon, Isuru"]
[Black "ilya2700"]
[WhiteFideId "9900993"]
[WhiteElo "2359"]
[BlackElo "2034"]
[Result "0-1"]
[Round "3"]
[TimeControl "180+2"]
[Date "2023.07.25"]
[WhiteClock "0:00:35"]
[BlackClock "0:00:06"]
[Board "248"]

1. Nf3 Nf6 2. d4 d5 3. Bf4 e6 4. e3 Be7 5. Nbd2 O-O 6. c3 Nbd7 7. Bd3 b6 8. h4 Bb7 9. Ne5 Nxe5 10. dxe5 Ne4 11. Qc2 f5 12. exf6 Nxf6 13. g4 d4 14. Ne4 dxc3 15. O-O-O cxb2+ 16. Kb1 Qe8 17. Nxf6+ Bxf6 18. Bxh7+ Kh8 19. Bg6 Qb5 20. g5 Bxh1 21. gxf6 Rxf6 22. Rxh1 e5 23. Bg5 Rc6 24. Qxb2 Qxb2+ 25. Kxb2 Rxg6 26. Rd1 Rf8 27. f4 exf4 28. exf4 Rd6 29. Re1 Rf7 30. Re8+ Kh7 31. a4 c5 32. Kc3 Rfd7 33. Kc4 a6 34. f5 Rd4+ 35. Kc3 Rxa4 36. Re6 Ra3+ 37. Kc2 b5 38. h5 Rh3 39. h6 gxh6 40. Bf6 Rf3 41. Re5 Rf7 42. Re6 Rxf5 43. Bc3 b4 44. Bb2 a5 45. Re8 a4 46. Rh8+ Kg6 47. Rg8+ Kh5 48. Rg2 c4 49. Rh2+ Kg4 50. Bc1 Rf2+ 0-1


[Site "https://www.chess.com"]

[Event "Titled Tuesday Blitz July 25 Early 2023"]
[White "Castillo Pena, Patricia Evarista"]
[Black "Goswami, Vedant"]
[WhiteFideId "6412106"]
[BlackFideId "5003725"]
[WhiteElo "1998"]
[BlackElo "2357"]
[Result "1/2-1/2"]
[Round "3"]
[TimeControl "180+2"]
[Date "2023.07.25"]
[WhiteClock "0:00:32"]
[BlackClock "0:00:59"]
[Board "249"]

1. d4 g6 2. e4 Bg7 3. Nf3 d6 4. Nc3 Nd7 5. Be3 a6 6. Qd2 e5 7. dxe5 Nxe5 8. Nxe5 Bxe5 9. Bc4 Be6 10. Bxe6 fxe6 11. O-O Qh4 12. f4 Bg7 13. Rad1 Nh6 14. Bf2 Qh5 15. h3 O-O 16. Bd4 Bxd4+ 17. Qxd4 Qh4 18. Qe3 Rf7 19. Rf3 Raf8 20. Rdf1 Kg7 21. Qd4+ Qf6 22. Qb4 b6 23. Qc4 a5 24. a4 Qe7 25. Qd4+ Qf6 26. Qc4 Qe7 27. Qd4+ Qf6 28. Qc4 1/2-1/2


[Site "https://www.chess.com"]

[Event "Titled Tuesday Blitz July 25 Early 2023"]
[White "Llanos, Guillermo"]
[Black "Graham, Nathaniel"]
[WhiteFideId "100358"]
[BlackFideId "2007983"]
[WhiteElo "2355"]
[BlackElo "1973"]
[Result "1-0"]
[Round "3"]
[TimeControl "180+2"]
[Date "2023.07.25"]
[WhiteClock "0:01:38"]
[BlackClock "0:00:01"]
[Board "250"]

1. Nf3 d5 2. g3 c6 3. Bg2 Bg4 4. Ne5 Bh5 5. d4 Nd7 6. Nxd7 Qxd7 7. c4 e6 8. cxd5 cxd5 9. O-O Nf6 10. Nc3 Be7 11. Qb3 O-O 12. Bf4 Rfc8 13. Rfc1 Rc4 14. e3 Rac8 15. a3 h6 16. h4 Ne4 17. Bf1 R4c6 18. Bb5 Bf3 19. Bxc6 Rxc6 20. Nxe4 dxe4 21. Rxc6 bxc6 22. Kh2 g5 23. hxg5 hxg5 24. Qb8+ Kg7 25. Be5+ f6 26. Bc7 1-0


[Site "https://www.chess.com"]

[Event "Titled Tuesday Blitz July 25 Early 2023"]
[White "Lohani, Sujana"]
[Black "Vifleemskaia, Svetlana"]
[WhiteFideId "12311987"]
[BlackFideId "4129490"]
[WhiteElo "1931"]
[BlackElo "2355"]
[Result "0-1"]
[Round "3"]
[TimeControl "180+2"]
[Date "2023.07.25"]
[WhiteClock "0:00:03"]
[BlackClock "0:00:28"]
[Board "251"]

1. d4 Nf6 2. Nf3 d5 3. c4 dxc4 4. e3 a6 5. Bxc4 b5 6. Bb3 Bb7 7. O-O e6 8. Nc3 Nbd7 9. Re1 Bd6 10. e4 e5 11. d5 O-O 12. Nh4 Nxe4 13. Rxe4 f5 14. Nxf5 Rxf5 15. Rg4 Nf6 16. Rg3 Nh5 17. Rg4 Nf6 18. Rg3 e4 19. Rh3 Kh8 20. Be3 Qe7 21. Qd4 Be5 22. Qd2 Rd8 23. Rd1 Nxd5 24. Nxd5 Bxd5 25. Bxd5 Rxd5 26. Qxd5 Bxh2+ 27. Kxh2 Rxd5 28. Rxd5 h6 29. Bd4 Kh7 30. Rdh5 Qd6+ 31. Rg3 Qxd4 32. Rf5 Qxb2 33. Rf7 c5 34. Re7 Qd4 35. Rf7 c4 0-1


[Site "https://www.chess.com"]

[Event "Titled Tuesday Blitz July 25 Early 2023"]
[White "Mikheeva, Galina"]
[Black "Rodriguez Santiago, Jaime"]
[WhiteFideId "44108320"]
[BlackFideId "3100898"]
[WhiteElo "1910"]
[BlackElo "2346"]
[Result "0-1"]
[Round "3"]
[TimeControl "180+2"]
[Date "2023.07.25"]
[WhiteClock "0:00:01"]
[BlackClock "0:00:10"]
[Board "252"]

1. e4 c6 2. Nf3 d5 3. exd5 cxd5 4. Ne5 Nf6 5. d4 g6 6. Bb5+ Nbd7 7. O-O Bg7 8. Bf4 O-O 9. Bxd7 Nxd7 10. Re1 Nxe5 11. Bxe5 f6 12. Bg3 Re8 13. Nc3 Bf5 14. Rc1 Rc8 15. Qf3 e6 16. Re2 a6 17. Rce1 Qd7 18. h3 b5 19. a3 a5 20. b4 axb4 21. axb4 h5 22. Bh2 Rc4 23. g3 Rec8 24. Re3 Rxd4 25. Ne2 Rxb4 26. Nf4 d4 27. Ra3 Qc6 28. Qxc6 Rxc6 29. Ra8+ Kh7 30. Kg2 e5 31. Nd5 Rb2 32. Ra7 Kh6 33. g4 hxg4 34. hxg4 Bxg4 35. Bg3 Rcxc2 36. Rh1+ Bh5 37. Rf7 Rb3 0-1


[Site "https://www.chess.com"]

[Event "Titled Tuesday Blitz July 25 Early 2023"]
[White "Nakamura, Hikaru"]
[Black "Bernadskiy, Vitaliy"]
[WhiteFideId "2016192"]
[BlackFideId "14100371"]
[WhiteElo "3301"]
[BlackElo "2873"]
[Result "0-1"]
[Round "4"]
[TimeControl "180+2"]
[Date "2023.07.25"]
[WhiteClock "0:02:47"]
[BlackClock "0:02:29"]
[Board "1"]

1. a3 Nf6 2. c4 e5 3. d3 g6 4. Nf3 d6 5. g3 Bg7 6. Bg2 O-O 7. O-O Nc6 8. Nc3 h6 9. b4 a6 10. Rb1 Bg4 11. h3 Bd7 12. Nd2 Qc8 13. Kh2 Kh7 0-1


[Site "https://www.chess.com"]

[Event "Titled Tuesday Blitz July 25 Early 2023"]
[White "Grandelius, Nils"]
[Black "Vachier-Lagrave, Maxime"]
[WhiteFideId "1710400"]
[BlackFideId "623539"]
[WhiteElo "2869"]
[BlackElo "3132"]
[Result "1/2-1/2"]
[Round "4"]
[TimeControl "180+2"]
[Date "2023.07.25"]
[WhiteClock "0:00:07"]
[BlackClock "0:00:24"]
[Board "2"]

1. d4 Nf6 2. Nf3 g6 3. g3 Bg7 4. Bg2 O-O 5. O-O d5 6. c4 c6 7. cxd5 cxd5 8. Nc3 Nc6 9. Ne5 Bf5 10. Bf4 Nh5 11. Nxc6 bxc6 12. Be3 c5 13. Nxd5 e6 14. Nf4 cxd4 15. Nxh5 gxh5 16. Bd2 Rb8 17. b4 h4 18. Rc1 h3 19. Bh1 e5 20. Qb3 e4 21. Rc5 Bg6 22. g4 d3 23. exd3 Qd7 24. Qd1 Rfd8 25. Bg5 exd3 26. Bxd8 Rxd8 27. Rd5 Qc7 28. Rxd8+ Qxd8 29. Qf3 Qd4 30. Qxh3 Qxb4 31. Bf3 Be5 32. Bd1 Kg7 33. Qe3 Bf4 34. Qxa7 Qd6 35. Qb7 Bxh2+ 36. Kg2 Be5 37. Bf3 Qd4 38. Qd5 Qf4 39. Rh1 Bf6 40. a4 Qxa4 41. Rd1 Qc2 42. g5 Bc3 43. Kf1 Bb2 44. Kg2 Bc3 45. Kf1 d2 46. Kg2 Qb2 47. Qd8 Qb4 48. Rxd2 Bxd2 49. Qf6+ Kg8 50. Qd8+ Qf8 51. Qxd2 Qe7 52. Qf4 Qc5 53. Qb8+ Kg7 54. Qb2+ Kf8 55. Qb8+ Ke7 56. Qf4 Bf5 57. Qe3+ Qxe3 58. fxe3 Kd6 59. Kg3 Ke5 60. Bh5 Bg6 61. Bg4 Ke4 62. Kf2 Bf5 63. Bf3+ Ke5 64. Kg3 Be6 65. Bd1 Bd5 66. Bc2 Be4 67. Bb3 Bg6 68. Bd1 Ke4 69. Kh4 Kxe3 70. Bg4 Kf4 71. Bc8 Bf5 72. Bb7 Bd3 73. Bc6 Bg6 74. Bd5 Ke5 75. Bb3 Kd6 76. Ba2 Ke7 77. Bb3 f6 78. gxf6+ Kxf6 79. Kg3 h5 80. Kh2 h4 81. Bc4 h3 82. Kxh3 1/2-1/2


[Site "https://www.chess.com"]

[Event "Titled Tuesday Blitz July 25 Early 2023"]
[White "Bacrot, Etienne"]
[Black "Dubov, Daniil"]
[WhiteFideId "605506"]
[BlackFideId "24126055"]
[WhiteElo "2867"]
[BlackElo "3100"]
[Result "0-1"]
[Round "4"]
[TimeControl "180+2"]
[Date "2023.07.25"]
[WhiteClock "0:00:25"]
[BlackClock "0:00:08"]
[Board "3"]

1. Nf3 Nf6 2. g3 b6 3. Bg2 Bb7 4. O-O c5 5. b3 g6 6. Bb2 Bg7 7. c4 O-O 8. Nc3 d6 9. d4 cxd4 10. Nxd4 Bxg2 11. Kxg2 Re8 12. e3 Nbd7 13. f4 a6 14. Qf3 Nc5 15. Rad1 Qd7 16. Qc6 Qa7 17. Qf3 Qd7 18. Nde2 b5 19. e4 Qb7 20. e5 Qxf3+ 21. Kxf3 dxe5 22. fxe5 Nfd7 23. Ne4 bxc4 24. bxc4 Rac8 25. Nxc5 Nxc5 26. Ba1 Rc7 27. Nf4 e6 28. Rfe1 Rec8 29. Rd6 Bf8 30. Rb6 h5 31. g4 hxg4+ 32. Kxg4 Ra8 33. h4 Nd7 34. Rb3 Rxc4 35. h5 Bh6 36. Rf3 g5 0-1


[Site "https://www.chess.com"]

[Event "Titled Tuesday Blitz July 25 Early 2023"]
[White "KhalilMousavi98"]
[Black "Sarana, Alexey"]
[BlackFideId "24133795"]
[WhiteElo "2862"]
[BlackElo "3059"]
[Result "0-1"]
[Round "4"]
[TimeControl "180+2"]
[Date "2023.07.25"]
[WhiteClock "0:00:08"]
[BlackClock "0:00:56"]
[Board "4"]

1. e4 e5 2. Nf3 Nc6 3. Bb5 Nf6 4. d3 Bc5 5. Bxc6 dxc6 6. Nbd2 Nd7 7. Nc4 Qe7 8. Ne3 f6 9. g4 Nf8 10. h4 Bxe3 11. Bxe3 Bxg4 12. Rg1 h5 13. Rg3 Ne6 14. Qd2 Bxf3 15. Rxf3 O-O-O 16. O-O-O c5 17. Rg1 b6 18. Rfg3 c4 19. Qc3 cxd3 20. cxd3 Rd6 21. Kb1 Rhd8 22. Bc1 Qd7 23. Rd1 Nc5 24. Qc4 Rd4 25. Qc2 Nxe4 26. Rgg1 Nc5 27. Be3 Rxd3 28. Rc1 Ne6 29. Qe2 Qe8 30. Qf3 Kb8 31. Qe4 c5 32. f4 Qd7 33. f5 Nc7 34. Bf2 Rd2 35. Be1 Rd4 36. Qe2 Qxf5+ 37. Ka1 R8d7 38. Bc3 Rxh4 39. Rcf1 Qe4 40. Qf2 Rf4 41. Qg3 Rxf1+ 42. Rxf1 h4 0-1


[Site "https://www.chess.com"]

[Event "Titled Tuesday Blitz July 25 Early 2023"]
[White "Bluebaum, Matthias"]
[Black "Ilamparthi A R"]
[WhiteFideId "24651516"]
[BlackFideId "45015775"]
[WhiteElo "3050"]
[BlackElo "2857"]
[Result "1-0"]
[Round "4"]
[TimeControl "180+2"]
[Date "2023.07.25"]
[WhiteClock "0:01:52"]
[BlackClock "0:00:14"]
[Board "5"]

1. d4 Nf6 2. c4 g6 3. Nc3 Bg7 4. e4 d6 5. Nf3 O-O 6. Be2 e5 7. Be3 Ng4 8. Bg5 f6 9. Bh4 Nc6 10. d5 Ne7 11. Nd2 Nh6 12. f3 g5 13. Bf2 f5 14. c5 Ng6 15. Nc4 g4 16. fxg4 Nxg4 17. Bxg4 fxg4 18. O-O Nf4 19. cxd6 cxd6 20. Nb5 Bd7 21. Nbxd6 Qg5 22. Ne3 Rad8 23. Ndf5 Bxf5 24. Nxf5 Rxf5 25. exf5 Qxf5 26. Be3 h5 27. Qd2 Bh6 28. Rad1 h4 29. Bxf4 exf4 30. Qd3 Qg5 31. d6 Kh8 32. Qd4+ Bg7 33. Qxf4 Qh5 34. Qf5 Qh6 35. Qxg4 Rg8 36. d7 Rd8 37. Rd5 Qb6+ 38. Kh1 Qa6 39. Qxh4+ Kg8 40. Qxd8+ 1-0


[Site "https://www.chess.com"]

[Event "Titled Tuesday Blitz July 25 Early 2023"]
[White "Bortnyk, Olexandr"]
[Black "Oro, Faustino"]
[WhiteFideId "14120828"]
[BlackFideId "20000197"]
[WhiteElo "3043"]
[BlackElo "2856"]
[Result "1-0"]
[Round "4"]
[TimeControl "180+2"]
[Date "2023.07.25"]
[WhiteClock "0:00:31"]
[BlackClock "0:00:01"]
[Board "6"]

1. e4 e5 2. Bc4 Nf6 3. d3 Bc5 4. Nc3 c6 5. Nf3 d6 6. Be3 Bb6 7. O-O O-O 8. h3 h6 9. Bb3 Nbd7 10. Nh4 Nc5 11. Bxc5 Bxc5 12. Qf3 Be6 13. Nf5 Kh7 14. g4 Bxb3 15. axb3 g6 16. Ng3 Kg7 17. Nce2 Nh7 18. c3 Ng5 19. Qg2 Ne6 20. Rad1 Qf6 21. Kh1 Kh7 22. d4 Bb6 23. f4 Nxf4 24. Nxf4 exf4 25. Ne2 g5 26. Ng3 Rae8 27. Nf5 Re6 28. Nxd6 Qg6 29. Nf5 Rfe8 30. Rfe1 Bc7 31. Qf3 Qf6 32. Kg2 Qg6 33. b4 a5 34. bxa5 Bxa5 35. Ra1 Bb6 36. b4 Qf6 37. e5 Qd8 38. Nd6 R8e7 39. Qd3+ Kh8 40. Qf5 Qd7 41. Ra8+ Kg7 42. Ne4 Qd5 43. Qf6+ Rxf6 44. exf6+ Kg6 45. fxe7 f3+ 46. Kxf3 1-0


[Site "https://www.chess.com"]

[Event "Titled Tuesday Blitz July 25 Early 2023"]
[White "Salinas Herrera, Pablo"]
[Black "Shimanov, Aleksandr"]
[WhiteFideId "3407128"]
[BlackFideId "4198603"]
[WhiteElo "2847"]
[BlackElo "3016"]
[Result "1/2-1/2"]
[Round "4"]
[TimeControl "180+2"]
[Date "2023.07.25"]
[WhiteClock "0:00:07"]
[BlackClock "0:00:06"]
[Board "7"]

1. d4 g6 2. e4 d6 3. Be2 Nf6 4. Nc3 Nc6 5. Nf3 Bg7 6. O-O O-O 7. d5 Nb8 8. h3 e5 9. dxe6 Bxe6 10. Bf4 Nc6 11. Qd2 Re8 12. Rad1 Nd7 13. Rfe1 Nde5 14. Ng5 Qf6 15. Nxe6 fxe6 16. b3 Rf8 17. Be3 Nf3+ 18. Bxf3 Qxc3 19. Bg4 Rae8 20. Qxc3 Bxc3 21. Rf1 e5 22. Be2 Kg7 23. g3 Bd4 24. Bd2 Bb6 25. c3 Nd8 26. Kg2 Ne6 27. h4 h6 28. b4 a5 29. a3 Rf6 30. Bc4 Ref8 31. f3 Nd8 32. Bc1 Nc6 33. Bd5 Nd8 34. Bb3 Re8 35. Rd5 axb4 36. axb4 Ne6 37. Rdd1 Ra8 38. Bb2 g5 39. Bxe6 Rxe6 40. hxg5 hxg5 41. Ra1 Rxa1 42. Rxa1 Re8 43. Kh3 Rh8+ 44. Kg4 Rh2 45. Bc1 Rc2 46. Bxg5 Rxc3 47. Ra8 Rb3 48. Rb8 Rxb4 49. Rxb7 Rb3 50. Bd8 Rc3 51. f4 exf4 52. gxf4 Kf7 53. Kf5 Ke8 54. Bf6 Rc4 55. e5 dxe5 56. fxe5 Rc5 57. Ke6 Rc6+ 58. Kd5 Rc5+ 59. Ke6 Rc6+ 60. Kf5 Kd7 61. Rb8 Rc5 62. Rd8+ Kc6 63. Kg6 Ra5 64. e6 Bc5 65. Kf7 Ra2 66. Rd3 Bd6 67. e7 Bxe7 68. Bxe7 Rf2+ 69. Bf6 Re2 70. Rc3+ Kd6 71. Rd3+ Kc6 72. Kg6 Kb5 73. Rb3+ Kc6 74. Rc3+ Kd6 75. Kf5 c5 76. Bg5 Kd5 77. Rc1 c4 78. Bf4 Kd4 79. Rd1+ Kc3 80. Rd8 Kc2 81. Rc8 c3 82. Kg4 Kd3 83. Kf3 Re4 84. Rd8+ Rd4 85. Rxd4+ Kxd4 86. Ke2 c2 87. Bc1 Kc4 88. Be3 Kc3 89. Bc1 Kb3 90. Be3 Ka2 91. Bd2 c1=Q 92. Bxc1 1/2-1/2


[Site "https://www.chess.com"]

[Event "Titled Tuesday Blitz July 25 Early 2023"]
[White "Pranav, V"]
[Black "Kezin, Roman"]
[WhiteFideId "25060783"]
[BlackFideId "24124621"]
[WhiteElo "3009"]
[BlackElo "2835"]
[Result "1-0"]
[Round "4"]
[TimeControl "180+2"]
[Date "2023.07.25"]
[WhiteClock "0:00:06"]
[BlackClock "0:00:03"]
[Board "8"]

1. e4 c6 2. Nf3 d5 3. Nc3 Bg4 4. h3 Bxf3 5. Qxf3 e6 6. d3 Nd7 7. Bd2 g6 8. g3 Bg7 9. Bg2 Ne7 10. O-O O-O 11. Qe2 b5 12. a3 a5 13. Rfe1 b4 14. Nd1 b3 15. cxb3 Nc5 16. b4 Nb3 17. Rb1 axb4 18. Bxb4 c5 19. Bc3 Nc6 20. exd5 exd5 21. Ne3 Re8 22. Qd1 Rb8 23. Nxd5 Rxe1+ 24. Qxe1 Ncd4 25. Kh2 h5 26. h4 Kh7 27. a4 Qd7 28. a5 Re8 29. Qd1 Re2 30. Kg1 Qf5 31. Nf4 Re7 32. a6 Ra7 33. Bxd4 Nxd4 34. Bb7 Bh6 35. Ng2 Bg7 36. Ne3 Qd7 37. Nc2 Ne6 38. Qf3 Nd8 39. Be4 Rxa6 40. Qxh5+ Kg8 41. Qd5 Rd6 42. Qxc5 Ne6 43. Qc4 Rb6 44. b4 Nd4 45. Nxd4 Bxd4 46. Kg2 Rf6 47. Rf1 Kg7 48. b5 Rd6 49. f4 Qe7 50. f5 Rf6 51. fxg6 Rxf1 52. Kxf1 Qf6+ 53. Ke1 fxg6 54. Qc7+ Kh6 55. Qf4+ Qxf4 56. gxf4 Kh5 57. Ke2 Kxh4 58. Bxg6 Kg4 59. f5 Kf4 60. Kd2 Ke5 61. Kc2 Kd5 62. Kb3 Kc5 63. Be8 Be5 64. Bc6 Bd4 65. Ka4 Bc3 66. Be4 Kb6 67. Kb3 Bf6 68. Kc4 Bb2 69. Bc6 Ba1 70. d4 Kc7 71. f6 Kd6 72. f7 Ke7 73. b6 1-0


[Site "https://www.chess.com"]

[Event "Titled Tuesday Blitz July 25 Early 2023"]
[White "Kravtsiv, Martyn"]
[Black "Matlakov, Maxim"]
[WhiteFideId "14113147"]
[BlackFideId "4168003"]
[WhiteElo "2826"]
[BlackElo "2995"]
[Result "1-0"]
[Round "4"]
[TimeControl "180+2"]
[Date "2023.07.25"]
[WhiteClock "0:01:40"]
[BlackClock "0:00:47"]
[Board "9"]

1. e4 c5 2. Nf3 d6 3. Bb5+ Nd7 4. d4 cxd4 5. Qxd4 a6 6. Bxd7+ Bxd7 7. O-O e5 8. Qd3 h6 9. c4 Nf6 10. Re1 Be7 11. a4 O-O 12. Nc3 b6 13. b3 Qc7 14. h3 Qb7 15. Ba3 Rfd8 16. Nxe5 Bxa4 17. Nxf7 Kxf7 18. bxa4 Rac8 19. Nd5 Nxd5 20. exd5 Bf6 21. Rab1 Qc7 22. Re4 Re8 23. Rbe1 Rxe4 24. Qxe4 Qxc4 25. Qe6+ Kg6 26. Bxd6 Rd8 27. Be7 Re8 28. d6 Qxe6 29. Rxe6 Kf7 30. d7 Rxe7 31. Rxf6+ 1-0


[Site "https://www.chess.com"]